 Dungeon Crawl Stone Soup version 0.29.1-2-gbd0b4ee654 (webtiles) character file.

Game seed: 17539461506868790157

39 qeuew the Shield-Bearer (level 3, 0/29 HPs)
             Began as a Formicid Fighter on Nov 2, 2022.
             Slain by a gnoll
             ... wielding a +0 spear
              (6 damage)
             ... on level 2 of the Dungeon.
             The game lasted 00:02:39 (1059 turns).

qeuew the Shield-Bearer (Formicid Fighter)          Turns: 1059, Time: 00:02:40

Health: 0/29       AC:  8    Str: 22    XL:     3   Next: 70%
Magic:  3/3        EV:  9    Int:  7    God:
Gold:   55         SH:  5    Dex: 13    Spells: 2/2 levels left

rFire   . . .      SeeInvis +   a - +0 war axe
rCold   . . .      Faith    .   c - +0 buckler
rNeg    . . .      Spirit   .   b - +0 scale mail
rPois   .          Reflect  .   (helmet unavailable)
rElec   .          Harm     .   (no cloak)
rCorr   .          Rampage  .   i - +0 pair of gloves
Will    .....                   (no boots)
Stlth   ..........              (no amulet)
HPRegen 0.09/turn               (no ring)
MPRegen 0.08/turn               (no ring)

@: mighty
A: permanent stasis, dig shafts and tunnels, antennae 3, four strong arms
a: Dig, Shaft Self


You were on level 2 of the Dungeon.
You visited 1 branch of the dungeon, and saw 2 of its levels.

You collected 55 gold pieces.

Inventory:

Hand Weapons
 a - a +0 war axe (weapon)
Armour
 b - a +0 scale mail (worn)
 c - a +0 buckler (worn)
 i - a +0 pair of gloves (worn)
Scrolls
 f - a scroll of noise {unknown}
 h - a scroll of identify {unknown}
 j - a scroll of silence {unknown}
 k - a scroll of torment {unknown}
Potions
 e - a potion of flight {unknown}
 g - a potion of haste {unknown}


   Skills:
 + Level 3.5 Fighting
 + Level 3.0 Axes
 + Level 3.4 Armour
 + Level 0.2 Dodging
 + Level 4.5 Shields


You had 2 spell levels left.
You didn't know any spells.
Your spell library was empty.

Dungeon Overview and Level Annotations

Branches:
Dungeon (2/15)

Altars:


Innate Abilities, Weirdness & Mutations

You cannot be hasted, slowed, berserked, paralysed or teleported.
You can dig through walls and to a lower floor.
You have a pair of large antennae on your head. (SInv)
Your four strong arms can wield two-handed weapons with a shield.


Message History

You barely miss the rat. The gnoll barely misses you. The rat bites you.
You hit the gnoll.
The gnoll is moderately wounded.
You hit the rat.
You kill the rat!
The gnoll hits you with a +0 whip. The ball python bites you.
The ball python grabs you. The ball python constricts you.
The giant cockroach bites you but does no damage.
The gnoll barely misses you.
You escape the ball python's grasp.
You block the ball python's attack. The ball python barely misses you.
The giant cockroach attacks as you move away!
The giant cockroach bites you.
The ball python attacks as you move away!
The ball python bites you but does no damage.
The ball python barely misses you.
You hit the giant cockroach but do no damage.
The giant cockroach bites you but does no damage.
You block the giant cockroach's attack.
You slash the giant cockroach!
You kill the giant cockroach!
The ball python barely misses you. You block the ball python's attack.
You slash the ball python!
You kill the ball python!
The gnoll barely misses you.
Your Axes skill increases to level 3!
You barely miss the gnoll. The gnoll hits you with a +0 flail!
Unknown command.
Okay, then.
Okay, then.
You feel very mighty all of a sudden. The gnoll barely misses you.
The gnoll hits you but does no damage.
You closely miss the gnoll.
The gnoll hits you from afar with a +0 spear.
* * * LOW HITPOINT WARNING * * *
You slash the gnoll!
The gnoll is heavily wounded.
You block the gnoll's attack. x2
The gnoll hits you from afar with a +0 spear.
You die...

# #. ##.# ##...# ###
#..$..# ### #..
.......####@## #.#
........##g#.## #.#
........gg###.#####.#### #
........g## ##.........##.#
..$....##.###.............#
......# ..#........#...####
<#..$. ...#.####.........#
...... ....#.# #†.#...##.#
##.## ##....# #..#.......


You could see 4 gnolls.

Vanquished Creatures
  An adder (D:2)
  A dart slug (D:1)
  5 bats
  2 giant cockroaches
  2 goblins
  2 hobgoblins (D:1)
  3 kobolds (D:1)
  A quokka (D:2)
  3 ball pythons
  2 frilled lizards
  3 rats
  A spectral goblin (D:2)
26 creatures vanquished.

Notes
Turn   | Place    | Note
-------+----------+-------------------------------------------
     0 | D:1      | qeuew the Formicid Fighter began the quest for the Orb.
     0 | D:1      | Reached XP level 1. HP: 18/18 MP: 1/1
   163 | D:1      | Reached XP level 2. HP: 18/24 MP: 2/2
   561 | D:1      | Reached XP level 3. HP: 29/29 MP: 3/3
   976 | D:2      | Found a faded altar of an unknown god.
  1059 | D:2      | Slain by a gnoll

Illustrated notes

Levels and vault maps discovered:
D:1:      ebering_trefoil_twist, layout_loops_ring, kennysheep_minor_cross
D:2:      layout_loops_ring, dreamdust_ecumenical_altar_drowned_temple,
          minivault_11

Skill      XL: |  1  2  3 |
---------------+----------+-----
Axes           | 3 |  3.0
Fighting       | |  3.5
Armour         | |  3.4
Dodging        | |  0.2
Shields        | |  4.5

Action                   || total
-------------------------++-------
Melee: War axe           ||    66
  Use: Potion            ||     1
Armor: Scale mail        ||    46
Dodge: Dodged            ||    45
Block: Buckler           ||    22
